 Dungeon Crawl Stone Soup version 0.27.1-3-gb3d3a73c9e (webtiles) character file.

Game seed: 1053379236021575767

523 horus123 the Slasher (level 7, -1/54 HPs)
             Began as a Human Fighter on Oct 16, 2021.
             Was a Priest of Jiyva.
             Slain by an ogre (13 damage)
             ... on level 5 of the Dungeon.
             The game lasted 00:08:15 (4421 turns).

horus123 the Slasher (Human Fighter)                Turns: 4421, Time: 00:08:16

Health: -1/54      AC: 11    Str: 19    XL:     7   Next: 46%
Magic:  7/7        EV:  7    Int:  9    God:    Jiyva [***...]
Gold:   108        SH:  9    Dex: 11    Spells: 6/6 levels left

rFire    . . .     SeeInvis .   a - +0 long sword
rCold    . . .     Faith    .   c - +0 kite shield
rNeg     . . .     Spirit   .   b - +0 scale mail
rPois    .         Reflect  .   (no helmet)
rElec    .         Harm     .   e - +0 cloak
rCorr    +         Rampage  .   g - +1 pair of gloves
Will     .....                  f - +0 pair of boots
Stlth    ..........             (no amulet)
HPRegen  0.18/turn              (no ring)
MPRegen  0.10/turn              (no ring)

@: no status effects
A: no striking features
a: Renounce Religion, Request Jelly


You were on level 5 of the Dungeon.
You worshipped Jiyva.
Jiyva was most pleased with you.
You visited 1 branch of the dungeon, and saw 5 of its levels.

You collected 108 gold pieces.

Inventory:

Hand Weapons
 a - a +0 long sword (weapon)
Armour
 b - a +0 scale mail (worn)
 c - a +0 kite shield (worn)
 e - a +0 cloak (worn)
 f - a +0 pair of boots (worn)
 g - a +1 pair of gloves (worn)
Wands
 h - a wand of digging (5)


   Skills:
 + Level 4.0 Fighting
 * Level 5.6 Long Blades
 + Level 4.1 Armour
 + Level 0.6 Dodging
 + Level 0.1 Stealth
 + Level 4.1 Shields


You had 6 spell levels left.
You didn't know any spells.
Your spell library was empty.

Dungeon Overview and Level Annotations

Branches:
Dungeon (5/15)             Temple (0/1) D:4

Altars:
Fedhas
Nemelex Xobeh
The Shining One
Jiyva


Message History

The black bear barely misses you.
You riposte.
You closely miss the black bear.
The black bear is lightly wounded.
The black bear claws you.
The black bear claws you but does no damage.
You block the black bear's attack. x2; The black bear claws you.
You slash the black bear!
The black bear is moderately wounded.
The black bear bites you but does no damage.
The black bear barely misses you. You block the black bear's attack.
You slash the black bear!
The black bear is almost dead.
The black bear barely misses you.
The black bear claws you but does no damage.
You block the black bear's attack.
You barely miss the black bear.
The black bear is almost dead.
The black bear goes berserk!
The black bear bites you. You block the black bear's attack.
The black bear claws you but does no damage.
You hit the black bear.
The black bear is almost dead.
The black bear closely misses you.
You riposte.
You barely miss the black bear.
The black bear is almost dead.
The black bear claws you but does no damage.
You block the black bear's attack. The black bear barely misses you.
You riposte.
You slash the black bear!
You kill the black bear!
The ogre hits you with a +0 giant club!
There is an open door, spattered with blood here.
You see here a black bear corpse.
Found a falchion.
The ogre hits you with a +0 giant club!!
* * * LOW HITPOINT WARNING * * *
You hit the ogre.
The ogre is lightly wounded.
You block the ogre's attack.
You hit the ogre.
The ogre is lightly wounded.
The ogre hits you with a +0 giant club!
You die...

######## +.@O...#
######.####.#
#........#
#O#..)...#
#.######.+
###†########
#.........#
#.........#
#.........########


You could see an ogre.

Vanquished Creatures
  A sky beast (D:5)
  An ogre (D:4)
  A black bear (D:5)
  A scorpion (D:5)
  Crazy Yiuf (D:3)
  Jessica (D:3)
  Ijyb (D:3)
  2 iguanas (D:4)
  An orc wizard (D:3)
  Robin (D:3)
  3 adders
  2 worms (D:2)
  2 dart slugs (D:2)
  5 orcs
  5 ball pythons
  2 endoplasms (D:1)
  2 giant cockroaches
  11 goblins
  8 hobgoblins
  4 kobolds
  2 quokkas
  4 bats
  3 frilled lizards
  5 rats
69 creatures vanquished.

Vanquished Creatures (others)
  A black bear (D:4)
  An ogre (D:4)
  A scorpion (D:4)
  A bullfrog zombie (D:3)
  4 jellies
  A hound (D:4)
  An orc wizard (D:4)
  A scorpion zombie (D:5)
  3 gnolls (D:4)
  9 orcs
  A bat (D:1)
  2 endoplasms
  2 goblins (D:3)
  3 hobgoblins
  A quokka (D:4)
  2 ball pythons
  A frilled lizard (D:2)
  A kobold (D:4)
  A rat (D:1)
37 creatures vanquished.

Grand Total: 106 creatures vanquished

Notes
Turn   | Place    | Note
-------+----------+-------------------------------------------
     0 | D:1      | horus123 the Human Fighter began the quest for the Orb.
     0 | D:1      | Reached XP level 1. HP: 18/18 MP: 1/1
   350 | D:1      | Found a faded altar of an unknown god.
   381 | D:1      | Reached XP level 2. HP: 22/24 MP: 2/2
   440 | D:1      | Became a worshipper of Jiyva Jujau the Shapeless
   440 | D:1      | Reached * piety under Jiyva
  1188 | D:2      | Reached XP level 3. HP: 29/29 MP: 3/3
  1387 | D:2      | Reached ** piety under Jiyva
  1554 | D:2      | Reached XP level 4. HP: 27/35 MP: 4/4
  1958 | D:3      | Reached skill level 3 in Long Blades
  1959 | D:3      | Noticed Robin
  1999 | D:3      | Reached XP level 5. HP: 19/41 MP: 5/5
  2017 | D:3      | Killed Robin
  2177 | D:3      | Noticed Ijyb
  2178 | D:3      | Paralysed by Ijyb for 6 turns
  2186 | D:3      | Paralysed by Ijyb for 3 turns
  2193 | D:3      | Killed Ijyb
  2362 | D:3      | Noticed Jessica
  2376 | D:3      | Killed Jessica
  2377 | D:3      | Reached skill level 4 in Long Blades
  2468 | D:3      | Reached *** piety under Jiyva
  2569 | D:3      | Found a sparkling altar of Nemelex Xobeh.
  2718 | D:3      | Found a runed translucent door.
  2719 | D:3      | Noticed Crazy Yiuf
  2932 | D:3      | Killed Crazy Yiuf
  2933 | D:3      | Reached XP level 6. HP: 24/48 MP: 2/6
  3131 | D:4      | Found a glowing golden altar of the Shining One.
  3133 | D:4      | Found a staircase to the Ecumenical Temple.
  3140 | D:4      | Gained mutation: Your muscles are strong. (Str +2) [Jiyva's
                  | grace]
  3211 | D:4      | Killed a black bear
  3508 | D:4      | Noticed an ogre
  3512 | D:4      | Killed an ogre
  3529 | D:4      | Killed an ogre
  3709 | D:4      | Found a blossoming altar of Fedhas.
  3931 | D:5      | Entered Level 5 of the Dungeon
  3932 | D:5      | Noticed a sky beast
  3952 | D:5      | Killed a sky beast
  3953 | D:5      | Reached skill level 5 in Long Blades
  3953 | D:5      | Reached XP level 7. HP: 18/54 MP: 7/7
  4238 | D:5      | Lost mutation: Your muscles are strong. (Str +2) [Jiyva's
                  | grace]
  4421 | D:5      | Slain by an ogre

Illustrated notes

Levels and vault maps discovered:
D:1:      saegor_arrival_miasma, layout_basic, hellmonk_ecumenical_altar_run_dry
D:2:      layout_basic
D:3:      layout_rooms, nemelex_spade_bored_becter, uniq_crazy_yiuf_cottage,
          uniq_robin, uniq_jessica, uniq_ijyb
D:4:      layout_basic, overflow_temple_1_default,
          mainiacjoe_overflow_boulevard, minmay_temple_entry_slanted,
          nicolae_ossuary_entry_plus
D:5:      layout_basic, nicolae_sif_muna_condensation, serial_corexii_hall,
          chequers_hall_statues_y, chequers_hall_statues_corner_a

Skill      XL: |  1  2  3  4  5  6  7 |
---------------+----------------------+-----
Long Blades    | 3 4 5 |  5.6
Shields        | 4 |  4.1
Fighting       | 4 |  4.0
Armour         | 4 |  4.1
Dodging        | |  0.6
Stealth        | |  0.1

Action                   |  1- 3 |  4- 6 |  7- 9 || total
-------------------------+-------+-------+-------++-------
Melee: Long sword        |    76 |   144 |    20 ||   240
       Unarmed           |       |     3 |       ||     3
  Use: Scroll            |     4 |     1 |     1 ||     6
       Potion            |       |     3 |       ||     3
Armor: Scale mail        |    39 |    62 |    13 ||   114
Dodge: Dodged            |    15 |    34 |     6 ||    55
Block: Kite shield       |    39 |    76 |    16 ||   131
       Rpst.: Long sword |     3 |     9 |     3 ||    15
